 Dungeon Crawl Stone Soup version 0.13-a0-207-ge113bd6 (console) character file.

1589127 Voker57 the Invulnerable (level 27, 270/270 (277) HPs)
             Began as a Minotaur Fighter on Apr 7, 2013.
             Escaped with the Orb
             ... and 3 runes!
             The game lasted 06:01:25 (104478 turns).

Voker57 the Invulnerable (Minotaur Fighter)       Turns: 104478, Time: 06:01:25

HP 270/270 (277) AC 34     Str 26 (28) XL: 27
MP  42/42        EV 23     Int  7      God:
Gold 4435        SH 57     Dex 19      Spells:  0 memorised, 57 levels left

Res.Fire  : + . .   See Invis. : .   P - +11,+1 morningstar "Voker57's Curse" {crus Res.Cold : + . . Warding : . k - +4 gold dragon armour Life Prot.: . . . Conserve : . o - +1 large shield {AC+3}
Res.Poison: +       Res.Corr.  : .   y - +1 cap of Yceinohes {Acc+3 Dam+4}
Res.Elec. : .       Clarity    : +   z - +0 cloak {rPois}
Sust.Abil.: . .     Spirit.Shd : .   g - -1 pair of gloves of the Wumpus {+Blink MR Res.Mut. : + Stasis : . F - +0 pair of boots {run} Res.Rott. : . Ctrl.Telep.: x c - cursed amulet of resist mutation Saprovore : . . . Flight : . (no ring) O - +0,+6 ring of slaying

@: quick, extraordinarily resistant to hostile enchantments, extremely
unstealthy
A: retaliatory headbutt, horns 2, clarity, deformed body, herbivore 1, slowness
1, slow healing 1
a: Evoke Blink
}: 3/15 runes: decaying, serpentine, silver


You escaped.
You were not hungry.

You visited 12 branches of the dungeon, and saw 75 of its levels.
You also visited: Trove, Ossuary, Volcano and Wizlab.

You collected 9819 gold pieces.
You spent 2236 gold pieces at shops.
You donated 3168 gold pieces.

Inventory:

Hand weapons
 P - the +11,+1 morningstar "Voker57's Curse" (weapon) {crush, Str+3}
   (You found it on level 8 of the Lair of Beasts)

   It inflicts extra damage upon your enemies.
   It affects your strength (+3).
Armour
 g - the -1 pair of gloves of the Wumpus (worn) {+Blink MR Int+2 Dam+1}
   (You found it in a treasure trove)

   It affects your intelligence (+2).
   It affects your damage-dealing abilities (+1).
   It affects your resistance to hostile enchantments.
   It lets you blink.
 k - a +4 gold dragon armour (worn)
 o - a +1 large shield of protection (worn)
 y - the +1 cap of Yceinohes (worn) {Acc+3 Dam+4}
   (You acquired it on level 1 of the Swamp)

   It affects your accuracy (+3).
   It affects your damage-dealing abilities (+4).
 z - a +0 cloak of poison resistance (worn)
 F - a +0 pair of boots of running (worn)
Comestibles
 s - 15 bread rations
 I - 3 meat rations
Jewellery
 c - a cursed amulet of resist mutation (around neck)
 j - a cursed ring of hunger {unknown}
 v - a cursed ring of protection from magic
 x - a cursed ring of protection from cold
 G - a cursed ring of regeneration
 M - a cursed ring of protection from fire
 O - a +0,+6 ring of slaying (left hand)
Orbs of Power
 H - the Orb of Zot
Rods
 S - a cursed +9 rod of demonology (13/13)
   (You took it off a yaktaur captain on level 5 of the Vaults)


   Skills:
 O Level 27 Fighting
 O Level 27 Maces & Flails
 O Level 27 Armour
 O Level 27 Dodging
 O Level 27 Shields
 - Level 4.5 Traps
 + Level 15.7 Spellcasting
   Level 8.0 Invocations
 - Level 5.1 Evocations


You had 57 spell levels left.
You didn't know any spells.

Dungeon Overview and Level Annotations

Branches:
Dungeon (27/27)            Temple (1/1) D:6             Orc (4/4) D:10
    Elf (3/3) Orc:4          Lair (8/8) D:9           Swamp (5/5) Lair:3
  Snake (5/5) Lair:3        Slime (0/6) Lair:6       Vaults (5/5) D:15
  Blade (0/1) Vaults:4      Crypt (5/5) Vaults:3       Tomb (0/3) Crypt:2
    Dis (0/7) Hell            Geh (6/7) Hell            Coc (0/7) Hell
    Tar (0/7) Hell            Zot (5/5) D:27

Altars:
Ashenzari
Cheibriados
Elyvilon
Fedhas
Kikubaaqudgha
Makhleb
Nemelex Xobeh
Okawaru
Sif Muna
Trog
Yredelemnul
Zin
the Shining One
Beogh
Jiyva

Shops:
D:5: ( D:7: ! D:20: ( D:22: [ Orc:2: * Orc:4: ([*+ Elf:1: * Elf:3: [ Vaults:1: (/ Vaults:4: +

Portals:
Hell: D:21 D:22 D:23 D:24 D:25 D:26* D:27
Abyss: D:23 D:25 D:26 D:27
Pandemonium: D:22 D:24 D:25 D:27

Annotations
Lair:5 exclusion: oklob plant
Snake:3 Nikola


Innate Abilities, Weirdness & Mutations

You reflexively headbutt those who attack you in melee.
You have a pair of horns on your head.
You possess an exceptional clarity of mind.
Armour fits poorly on your strangely shaped body.
You digest meat inefficiently.
You cover ground slowly.
You heal slowly.


Message History

You drop 2 scrolls of recharging.
You drop a scroll of teleportation.
You drop 2 scrolls of remove curse.
You drop an uncursed amulet of conservation.
You drop the cursed amulet "Truosti" {Stasis Acc+4}.
You drop a glowing bronze amulet.
Your cursed amulet of resist mutation is stuck to you!
You drop 2 potions of heal wounds.
You drop a potion of agility.
You drop a potion of might.
You drop 5 potions of berserk rage.
You drop 2 potions of resistance.
You drop 6 potions of curing.
You drop a potion of invisibility.
You drop 2 potions of magic.
Drop what? (_ for help) (? for menu, Esc to quit)
Okay, then.
Unknown command.
There is a staircase leading out of the dungeon here.
You have escaped!

#≈#P.# #.#.....##.# #.#.#####.#
#≈##.# #.......##.#####.#.# #.#
≈≈≈≈.# ###..............#.# #.#
#≈##.# #.....##4####..#.#####.)
#≈#P.# #........# #..........#
P.P..# #######..####..#.#####%%
.....###########.....#..#......).
..[..............................
################!#####.>######.[.
#@#####......(....
#........######... ##########
##.. ##. ## # # #


You could see a red devil.

Vanquished Creatures
  Khufu (Crypt:1)
  5 orbs of fire (Zot:5)
  7 ancient liches
  Saint Roka (Swamp:3)
  Boris (D:22)
  5 curse toes
  8 Killer Klowns
  Mara (Swamp:3)
  Margery (D:21)
  4 large abominations
  Mennas (D:21)
  Geryon (Hell)
  12 golden dragons
  19 Brimstone Fiends
  Frederick (D:22)
  6 electric golems
  9 bone dragons
  3 Hell Sentinels
  13 tentacled monstrosities
  3 pandemonium lords
  Lamia (Snake:2)
  25 Orb Guardians (Zot:5)
  4 titans
  A quicksilver dragon (Vaults:5)
  10 liches
  Murray (Hell)
  A deep elf blademaster (Elf:3)
  7 shadow dragons
  3 eldritch tentacles
  Kirke (Snake:3)
  13 storm dragons
  3 Ice Fiends
  2 sphinxes
  Rupert (Vaults:2)
  Agnes (Swamp:4)
  5 draconian monks
  Roxanne (Snake:1)
  Frances (D:23)
  Aizul (Snake:3)
  6 draconian knights
  An orc warlord (Orc:4)
  2 Executioners
  6 ghouls
  Donald (Swamp:3)
  6 balrugs
  12 frost giants
  6 fire giants
  An iron dragon (Vaults:5)
  6 draconian scorchers
  Wiglaf (Snake:3)
  2 ghost moths (Zot:4)
  Louise (Snake:4)
  Maud (Vaults:2)
  6 vault wardens
  3 draconian zealots
  2 draconian shifters
  2 draconian annihilators
  44 stone giants
  3 curse skulls
  A green death (Hell)
  12 grey draconians
  14 greater nagas
  7 red draconians
  6 green draconians
  10 deep elf annihilators
  6 draconian callers
  Jorgrun (Snake:3)
  7 white draconians
  8 pale draconians
  5 yellow draconians
  6 mottled draconians
  15 reapers
  2 deep elf master archers (Elf:3)
  10 deep elf sorcerers (Elf:3)
  5 deep elf death magi (Elf:3)
  2 blizzard demons
  3 black draconians
  2 vampire knights (Crypt:5)
  4 purple draconians
  Snorg (Snake:4)
  A storm dragon zombie (Zot:4)
  35 yaktaur captains
  11 dragons
  11 ettins
  8 ironheart preservers
  34 vault guards
  An ettin (shapeshifter) (Vaults:4)
  8 death cobs
  5 great orbs of eyes
  3 storm dragon skeletons
  Fannar (D:16)
  The ghost of Vyt the Eclecticist, a powerful DEAE of Sif Muna (D:14)
  Harold (Orc:2)
  22 hydras
  A golden dragon zombie (Zot:2)
  7 anacondas
  2 ravenous feature mimics
  8 ice dragons
  4 deep elf demonologists (Elf:3)
  A ravenous item mimic (Snake:3)
  2 wolf spider zombies
  7 shadow dragon zombies
  15 ogre magi
  A rakshasa (D:18)
  8 deep troll earth magi
  12 deep troll shamans
  6 frost giant zombies
  5 sphinx zombies
  An iron dragon zombie (Geh:5)
  2 fire giant zombies
  5 alligators
  5 shadow dragon skeletons
  6 death yaks
  26 deep trolls
  20 stone giant zombies
  A spectral iron dragon (Crypt:5)
  7 deep elf high priests (Elf:3)
  Urug (Orc:3)
  2 sphinx skeletons
  19 sun demons
  11 hell hogs
  6 orc high priests
  5 very ugly things
  14 fire giant skeletons
  37 centaur warriors
  An iron dragon skeleton (Geh:4)
  9 frost giant skeletons
  10 iron golems
  22 stone giant skeletons
  4 ice devils
  8 soul eaters
  22 hell knights
  36 humans
  An unseen horror (shapeshifter) (D:16)
  4 shadow wraiths
  56 skeletal warriors
  3 death drakes
  16 deep elf knights
  A shadow demon (D:24)
  35 naga warriors
  6 iron trolls
  9 ironbrand convokers
  2 redback zombies
  A sea snake (shapeshifter) (D:23)
  11 swamp dragons
  7 unseen horrors
  A sea snake (Snake:2)
  2 wizards (Vaults:2)
  25 flayed ghosts
  An ice statue (D:24)
  3 harpies (D:22)
  A hill giant (shapeshifter) (D:16)
  3 vampire magi (Crypt:5)
  A yellow draconian skeleton (Zot:4)
  40 orc knights
  6 hill giants
  2 iron troll zombies
  4 guardian serpents
  13 flaming corpses
  Joseph (Orc:1)
  4 wolf spiders
  25 hellions
  2 giant amoebae
  8 orc sorcerers
  A harpy zombie (Crypt:5)
  14 death drake zombies
  22 phantasmal warriors
  5 necromancers
  3 hydra zombies
  8 red wasps
  4 griffons
  6 human zombies (Vaults:2)
  3 iron troll skeletons
  A cyclops (shapeshifter) (D:27)
  An oklob plant (WizLab)
  A wolf spider simulacrum (Crypt:1)
  A spectral harpy (Crypt:5)
  10 death drake skeletons
  4 sixfirhies
  14 vault sentinels
  2 moths of wrath (shapeshifter)
  A spiny worm (shapeshifter) (Vaults:5)
  11 cyclopes
  4 ettin zombies
  41 moths of wrath
  A red wasp zombie (Vaults:2)
  18 ice dragon zombies
  An eye of devastation (D:18)
  A red wasp (shapeshifter) (D:27)
  3 spiny worms
  3 fire crabs
  An item mimic (D:13)
  20 black mambas
  2 dragon zombies
  A sphinx simulacrum (Crypt:5)
  3 stone golems
  10 elephants (Lair:7)
  95 slime creatures
  A spectral dragon (Zot:4)
  12 ettin skeletons
  A feature mimic (Elf:1)
  43 ice dragon skeletons
  4 spiny worm zombies
  6 dragon skeletons
  2 griffon zombies
  5 orange demons
  16 spiny frogs
  A stone giant simulacrum (Crypt:4)
  21 naga magi
  A hill giant zombie (D:14)
  9 tormentors
  68 yaktaurs
  An efreet (D:19)
  A mermaid (shapeshifter) (Vaults:1)
  119 ugly things
  8 hellwings
  12 iron devils
  2 komodo dragons (shapeshifter)
  14 komodo dragons
  A silent spectre (Crypt:1)
  A hill giant skeleton (D:16)
  A deep troll zombie (Crypt:4)
  10 trolls
  2 trolls (shapeshifter)
  5 smoke demons
  4 polar bears (D:24)
  2 agate snail zombies
  12 giant leeches
  32 two-headed ogres
  7 bog bodies
  15 wandering mushrooms
  6 small abominations
  A spriggan (D:7)
  7 deep troll skeletons
  4 basilisks
  18 blink frogs
  2 blink frogs (shapeshifter)
  3 rotting hulks (Vaults:2)
  A jumping spider (shapeshifter) (Vaults:4)
  14 blue devils
  3 fire elementals (Volcano)
  An octopode (shapeshifter) (Vaults:5)
  5 baby alligators
  A brown ooze (shapeshifter) (D:18)
  A hog (Snake:3)
  17 vampires
  A grizzly bear (shapeshifter) (Vaults:5)
  9 ynoxinuls
  11 deep elf conjurers
  7 hippogriffs
  66 yaks
  A spiny worm simulacrum (Crypt:4)
  A golden eye (D:24)
  8 metal gargoyles (Hell)
  2 wyverns
  2 human skeletons
  A war dog (shapeshifter) (Elf:3)
  22 wraiths
  Eustachio (D:4)
  9 fire drakes
  8 hungry ghosts
  2 chaos spawn
  2 clay golems
  A dragon simulacrum (Crypt:4)
  48 vampire mosquitoes
  Grum (D:7)
  A redback (shapeshifter) (D:27)
  7 yaktaur zombies
  7 deep elf summoners
  An elf (shapeshifter) (Vaults:2)
  3 fire vortices (Volcano)
  6 redbacks (Vaults:5)
  4 neqoxecs
  4 rock worms
  47 swamp worms
  21 deep elf fighters
  11 fire crab zombies
  5 manticores
  2 giant slug zombies
  5 mottled dragons
  10 boulder beetles
  2 boulder beetles (shapeshifter)
  A draconian (shapeshifter) (Vaults:5)
  A hippogriff (shapeshifter) (Vaults:1)
  A manticore zombie (D:7)
  69 hell hounds
  A komodo dragon skeleton (D:11)
  7 yaktaur skeletons
  27 necrophages
  14 war dogs
  17 freezing wraiths
  14 ice beasts
  A cyclops skeleton (D:13)
  A cyclops zombie (D:16)
  4 kobold demonologists
  30 red devils
  A yak zombie (D:8)
  A yellow wasp (D:13)
  10 deep elf priests
  A rock worm zombie (D:12)
  A swamp drake (shapeshifter) (D:22)
  81 orc warriors
  A tengu (shapeshifter) (Elf:3)
  13 phantoms
  A deep troll simulacrum (D:19)
  3 hell beasts
  20 swamp drakes
  68 ogres
  4 boulder beetle zombies
  11 giant goldfish
  2 troll zombies
  54 centaurs
  23 lava worms
  5 boring beetles
  5 sky beasts
  6 big kobolds
  10 crocodiles
  A yak skeleton (D:13)
  Sigmund (D:7)
  Duvessa (D:4)
  A brain worm (D:18)
  8 deep elf magi
  133 nagas
  14 giant slugs
  36 giant frogs
  A yellow wasp zombie (D:13)
  A boring beetle zombie (Crypt:4)
  14 wargs
  A giant frog zombie (D:16)
  12 rotting devils
  65 water moccasins
  A gnoll sergeant (D:7)
  12 agate snails
  13 insubstantial wisps
  Blork the orc (Orc:1)
  A two-headed ogre skeleton (D:13)
  A water moccasin skeleton (D:6)
  14 lava fish
  3 eyes of draining
  26 jellyfish
  13 killer bees
  64 wights
  An ogre zombie (D:16)
  3 quasits
  A big kobold zombie (Ossuary)
  5 goliath beetles
  23 electric eels
  19 shadows
  Dowan (D:4)
  19 crimson imps
  2 mottled dragon skeletons
  2 gnoll shamans
  44 lava snakes
  5 big fish (Swamp:1)
  4 iron imps
  34 orc priests
  10 worker ants
  19 hounds
  4 orange rats (Hell)
  9 porcupines
  6 scorpions
  6 elves (Vaults:2)
  A hound skeleton (D:5)
  6 iguanas
  7 orange rat zombies (Hell)
  28 deep elf soldiers
  46 orc wizards
  20 sheep
  2 orange rat skeletons (Hell)
  A worm zombie (D:7)
  Ijyb (D:3)
  Jessica (D:3)
  7 boggarts
  A kobold skeleton (Vaults:2)
  A jelly (D:8)
  Terence (Vaults:2)
  11 mummies
  47 flying skulls
  17 gnolls
  57 adders
  4 adder zombies
  3 elf zombies
  33 green rats
  5 lemures
  4 shadow imps
  7 giant centipedes
  4 white imps
  4 giant mites
  An inept item mimic (D:6)
  41 ufetubi
  6 worms
  A bat skeleton (D:5)
  A giant eyeball (D:6)
  2 oozes (D:1)
  259 orcs
  14 bats
  4 giant cockroaches
  23 hobgoblins
  21 jackals
  40 kobolds
  5 quokkas
  7 ball pythons
  10 giant geckos
  8 giant newts
  3 giant spores
  24 goblins
  A goblin zombie (Ossuary)
  2 hobgoblin zombies
  2 kobold zombies (Ossuary)
  18 orc zombies
  7 quokka zombies (Ossuary)
  19 rats
  2 rat zombies (Ossuary)
  4 ballistomycetes
  A bush (Lair:6)
  A crawling corpse (Elf:3)
  A fungus (Lair:3)
  8 plants
  4 toadstools (WizLab)
4419 creatures vanquished.

Vanquished Creatures (collateral kills)
  A hell knight (Geh:6)
  A giant slug (Lair:4)
2 creatures vanquished.

Vanquished Creatures (others)
  A daeva (Zot:5)
  An angel (Geh:6)
  A mottled draconian (Zot:4)
  An ogre mage (Vaults:5)
  An elf (Vaults:2)
  A wizard (Vaults:2)
  2 flayed ghosts
  A death drake zombie (Geh:4)
  A guardian serpent (Snake:5)
  A human (Snake:3)
  2 ice dragon zombies (Geh:4)
  2 ugly things (D:21)
  An ice dragon skeleton (Geh:4)
  A two-headed ogre (D:20)
  A deep troll skeleton (Crypt:5)
  A fire drake (Zot:1)
  A yak (D:19)
  An ettin simulacrum (D:22)
  2 ogres
  A kobold demonologist (Vaults:2)
  2 swamp drakes (Zot:1)
  A rotting devil (Geh:3)
  2 water moccasins
  2 giant frogs
  2 electric eels (D:21)
  3 wights
  6 shadows
  2 orc wizards
  A worker ant (D:9)
  2 deep elf soldiers (Vaults:5)
  A sheep (Lair:8)
  2 flying skulls
  An adder (Snake:4)
  A giant centipede (D:14)
  An elf zombie (Elf:3)
  A white imp (D:24)
  7 orcs
  A giant newt (D:5)
  A giant spore (D:10)
  A crawling corpse (Elf:3)
  26 eldritch tentacle segments
  2 fungi
  20 plants
112 creatures vanquished.

Grand Total: 4533 creatures vanquished

Notes
Turn   | Place    | Note
--------------------------------------------------------------
     0 | D:1      | Voker57, the Minotaur Fighter, began the quest for the Orb.
     0 | D:1      | Reached XP level 1. HP: 19/19 MP: 0/0
   172 | D:1      | Reached XP level 2. HP: 23/26 MP: 0/0
   235 | D:1      | Reached skill level 4 in Shields
   587 | D:2      | Reached XP level 3. HP: 33/33 MP: 1/1
   867 | D:2      | Found a bloodstained altar of Trog.
  1032 | D:2      | Reached XP level 4. HP: 23/39 MP: 1/1
  1618 | D:3      | Reached skill level 5 in Shields
  1653 | D:3      | Noticed Ijyb
  1681 | D:3      | Killed Ijyb
  1706 | D:3      | Noticed a giant frog
  1717 | D:3      | Killed a giant frog
  1717 | D:3      | Reached XP level 5. HP: 34/46 MP: 1/1
  1817 | D:3      | Noticed Jessica
  1827 | D:3      | Killed Jessica
  2280 | D:4      | Noticed Eustachio
  2576 | D:4      | Reached skill level 5 in Maces & Flails
  2576 | D:4      | Reached XP level 6. HP: 48/52 MP: 2/2
  2637 | D:4      | Found an ancient bone altar of Kikubaaqudgha.
  2671 | D:4      | Reached skill level 5 in Armour
  2671 | D:4      | Reached skill level 6 in Shields
  2797 | D:4      | Killed Eustachio
  3052 | D:4      | Noticed Duvessa
  3207 | D:4      | Killed Duvessa
  3207 | D:4      | Reached XP level 7. HP: 49/59 MP: 2/2
  3443 | D:4      | Noticed Dowan
  3460 | D:4      | Killed Dowan
  3589 | D:5      | Entered Level 5 of the Dungeon
  3621 | D:5      | Reached skill level 7 in Shields
  3632 | D:5      | Found Klaotochown's Weapon Boutique.
  3761 | D:5      | Found a white marble altar of Elyvilon.
  4909 | D:5      | Reached XP level 8. HP: 32/66 MP: 2/2
  5033 | D:6      | Reached skill level 8 in Maces & Flails
  5039 | D:6      | Paralysed by a giant eyeball for 2 turns
  5067 | D:6      | Paralysed by a giant eyeball for 3 turns
  5494 | D:6      | Found a staircase to the Ecumenical Temple.
  5566 | Temple   | Entered the Ecumenical Temple
  5592 | Temple   | Became a worshipper of Warmaster Okawaru
  5878 | D:7      | Found Xomarph's Distillery.
  6015 | D:6      | Reached skill level 9 in Maces & Flails
  6124 | D:7      | Noticed Sigmund
  6133 | D:7      | Killed Sigmund
  6147 | D:7      | Acquired Okawaru's first power
  6156 | D:7      | Noticed a spriggan baker
  6164 | D:7      | Killed a spriggan baker
  6164 | D:7      | Reached XP level 9. HP: 69/72 MP: 3/3
  6211 | D:7      | Reached skill level 10 in Maces & Flails
  6252 | D:7      | Noticed Grum
  6258 | D:7      | Killed Grum
  6690 | D:7      | Reached skill level 11 in Maces & Flails
  6888 | D:8      | Reached skill level 10 in Shields
  7136 | D:8      | Identified a scroll of acquirement
  7205 | D:8      | Reached skill level 12 in Maces & Flails
  7462 | D:8      | Reached XP level 10. HP: 79/79 MP: 3/3
  7714 | D:8      | Found a sand-covered staircase.
  7729 | Ossuary  | Entered an ossuary
  8902 | D:9      | Reached skill level 13 in Maces & Flails
  8908 | D:9      | Found a staircase to the Lair.
  9200 | D:10     | Entered Level 10 of the Dungeon
  9399 | D:10     | Reached skill level 14 in Maces & Flails
  9689 | D:10     | Found a staircase to the Orcish Mines.
  9844 | D:10     | Acquired Okawaru's second power
 10402 | D:10     | Reached XP level 11. HP: 81/84 MP: 3/3
 10616 | D:11     | Reached skill level 15 in Maces & Flails
 10671 | D:11     | Got an inconspicuous book
 10689 | D:11     | Got a faintly humming leather armour
 10703 | D:11     | Identified the +2 leather armour of the Present {Dex+3 Dam+4} (You found it on level 11 of the Dungeon)
 11013 | D:11     | Noticed a five-headed hydra
 11107 | Lair:1   | Entered Level 1 of the Lair of Beasts
 11160 | Lair:1   | Reached skill level 1 in Dodging
 11430 | Lair:1   | Noticed a death yak
 11450 | Lair:1   | Killed a death yak
 11452 | Lair:1   | Received a gift from Okawaru
 11470 | Lair:1   | Noticed a death yak
 11471 | Lair:1   | Noticed a death yak
 11471 | Lair:1   | Noticed a death yak
 11471 | Lair:1   | Noticed a death yak
 11471 | Lair:1   | Noticed a death yak
 11496 | D:9      | Killed a death yak
 11496 | D:9      | Reached skill level 16 in Maces & Flails
 11860 | Lair:1   | Killed a death yak
 11875 | Lair:1   | Killed a death yak
 11879 | Lair:1   | Killed a death yak
 11879 | Lair:1   | Reached skill level 5 in Dodging
 11978 | D:9      | Killed a death yak
 11978 | D:9      | Reached skill level 17 in Maces & Flails
 11980 | D:9      | Received a gift from Okawaru
 12561 | Lair:2   | Reached XP level 12. HP: 84/92 MP: 4/4
 13552 | Lair:3   | Found a staircase to the Swamp.
 13688 | Lair:3   | Found a staircase to the Snake Pit.
 13889 | Lair:3   | Reached skill level 18 in Maces & Flails
 13955 | Lair:3   | Got a steaming leather armour
 13964 | Lair:3   | Identified the +0 leather armour of the Pirate {+Fly MR Stlth+ Curse} (You found it on level 3 of the Lair of Beasts)
 15010 | Lair:5   | Gained mutation: Your natural rate of healing is unusually fast. [potion of beneficial mutation]
 15069 | Lair:5   | Received a gift from Okawaru
 16407 | Lair:6   | Found a staircase to the Slime Pits.
 16453 | Lair:6   | Found a viscous altar of Jiyva.
 16482 | Lair:6   | Found a glowing golden altar of the Shining One.
 16501 | Lair:6   | Reached skill level 19 in Maces & Flails
 17896 | Lair:7   | Reached skill level 15 in Shields
 18161 | Lair:7   | Reached XP level 13. HP: 88/97 MP: 4/4
 18185 | Lair:7   | Received a gift from Okawaru
 18354 | Lair:7   | Noticed a six-headed hydra
 18365 | Lair:7   | Killed a six-headed hydra
 18717 | Lair:8   | Entered Level 8 of the Lair of Beasts
 18834 | Lair:8   | Got a crude morningstar
 18841 | Lair:8   | Identified the morningstar "Voker57's Curse" {crush, Str+3} (You found it on level 8 of the Lair of Beasts)
 18913 | Lair:8   | Reached skill level 20 in Maces & Flails
 19070 | Lair:8   | Received a gift from Okawaru
 19080 | Lair:8   | Reached skill level 10 in Dodging
 19479 | Lair:8   | Got a bloodstained crystal plate armour
 19499 | Lair:8   | Identified the -13 crystal plate armour of Skuargh {rC+ Int+3 Acc+3} (You found it on level 8 of the Lair of Beasts)
 19598 | Lair:8   | Gained mutation: You are partially covered in rugged brown scales (AC +1, +3% HP). [potion of beneficial mutation]
 20222 | D:11     | Found a glowing silver altar of Zin.
 20226 | D:11     | Received a gift from Okawaru
 20446 | D:11     | Killed a five-headed hydra
 20583 | D:12     | Reached skill level 1 in Traps
 20969 | D:12     | Found a white marble altar of Elyvilon.
 21276 | D:12     | Reached skill level 21 in Maces & Flails
 21446 | Orc:1    | Entered Level 1 of the Orcish Mines
 21680 | Orc:2    | Found Capeapp's Assorted Antiques.
 22062 | Orc:1    | Noticed Joseph
 22073 | Orc:1    | Killed Joseph
 22121 | Orc:1    | Noticed Blork the orc
 22124 | Orc:1    | Killed Blork the orc
 22319 | Lair:1   | Noticed an eight-headed hydra
 22326 | Lair:1   | Killed an eight-headed hydra
 22877 | Orc:3    | Noticed Harold
 22920 | Orc:2    | Killed Harold
 23299 | Orc:3    | Noticed Urug
 23309 | Orc:3    | Killed Urug
 23357 | Orc:4    | Entered Level 4 of the Orcish Mines
 23362 | Orc:4    | Found a staircase to the Elven Halls.
 23652 | Orc:4    | Reached XP level 14. HP: 101/110 MP: 4/4
 23932 | Orc:4    | Found a roughly hewn altar of Beogh.
 24155 | Orc:4    | Reached skill level 5 in Fighting
 24157 | Orc:4    | Gained mutation: You can spit poison. [a neqoxec]
 24347 | Orc:4    | Noticed an orc warlord
 24853 | Orc:4    | what a fucker
 25081 | Orc:4    | Killed an orc warlord
 25292 | Orc:4    | Received a gift from Okawaru
 25492 | Orc:4    | Found Saufor's General Store.
 25493 | Orc:4    | Found Fanyump's Book Boutique.
 25494 | Orc:4    | Found Toc Sefu's Antique Weapon Shop.
 25494 | Orc:4    | Found Peoror's Antique Armour Boutique.
 25668 | Orc:3    | Found a dark tunnel.
 25729 | Volcano  | Entered a volcano
 25782 | Volcano  | Reached skill level 22 in Maces & Flails
 26308 | D:13     | Received a gift from Okawaru
 26827 | Lair:1   | Tiran: TI pidaras
 26827 | Lair:1   | Tiran: PIDAR
 26827 | Lair:1   | ok!
 27052 | D:13     | Tiran: SMirilsya? PRAVOSLAVNO!
 27052 | D:13     | da mn nasrat
 27184 | D:14     | Entered Level 14 of the Dungeon
 27214 | D:14     | Noticed Vyt's ghost (powerful DEAE)
 27234 | D:14     | Killed Vyt's ghost
 27268 | D:14     | Got an ominously black robe
 27269 | D:14     | Identified the +2 robe of Trog's Approval {rF+ rN+ Dex+2} (You found it on level 14 of the Dungeon)
 27576 | D:15     | Entered Level 15 of the Dungeon
 27934 | D:15     | Found a staircase to the Vaults.
 27943 | D:15     | Reached XP level 15. HP: 111/120 MP: 5/5
 28104 | D:15     | Got a bloodstained crystal plate armour
 28141 | D:15     | Identified the +6 crystal plate armour "Klautisk" {+Inv rC+} (You acquired it on level 15 of the Dungeon)
 28526 | Swamp:1  | Entered Level 1 of the Swamp
 28594 | Swamp:1  | Reached skill level 23 in Maces & Flails
 29016 | Swamp:1  | Received a gift from Okawaru
 29284 | Swamp:1  | Gained mutation: Your muscles are flexible, but weak (Str -1, Dex +1). [potion of beneficial mutation]
 29499 | Swamp:1  | Got a polished cap
 29503 | Swamp:1  | Identified the +1 cap of Yceinohes {Acc+3 Dam+4} (You acquired it on level 1 of the Swamp)
 29770 | Swamp:2  | Received a gift from Okawaru
 30575 | Swamp:3  | Noticed Mara
 30583 | Swamp:3  | oh fuck
 30593 | Swamp:3  | Killed Mara
 30593 | Swamp:3  | Reached skill level 24 in Maces & Flails
 30593 | Swamp:3  | Reached XP level 16. HP: 128/128 MP: 3/5
 30910 | Swamp:3  | Noticed Saint Roka
 30911 | Swamp:3  | We'll meet again
 31222 | Swamp:3  | Killed Saint Roka
 31222 | Swamp:3  | Received a gift from Okawaru
 31476 | Swamp:3  | Noticed Donald
 31493 | Swamp:3  | Killed Donald
 32157 | Swamp:4  | Noticed Agnes
 32171 | Swamp:4  | Killed Agnes
 32521 | Swamp:5  | Entered Level 5 of the Swamp
 32794 | Swamp:5  | Received a gift from Okawaru
 33220 | Swamp:5  | Got a decaying rune of Zot
 34101 | Snake:1  | Entered Level 1 of the Snake Pit
 34398 | Snake:1  | Received a gift from Okawaru
 34401 | Snake:1  | Got a dazzling eveningstar {god gift}
 34402 | Snake:1  | Identified the eveningstar of War {god gift, crush, +Rage} (Okawaru gifted it to you on level 1 of the Snake Pit)
 34558 | Snake:1  | Noticed Roxanne
 34573 | Snake:1  | Killed Roxanne
 34573 | Snake:1  | Reached XP level 17. HP: 80/133 MP: 5/5
 34742 | Snake:2  | Noticed Lamia
 34996 | Snake:2  | Killed Lamia
 35210 | Snake:2  | Received a gift from Okawaru
 35766 | Snake:3  | Noticed Kirke
 35780 | Snake:3  | Killed Kirke
 35812 | Snake:3  | Noticed Aizul
 35832 | Snake:3  | Killed Aizul
 35980 | Snake:3  | Noticed Jorgrun
 36007 | Snake:3  | Killed Jorgrun
 36240 | Snake:3  | Noticed Nikola
 36243 | Snake:3  | oops
 36418 | Snake:3  | Noticed Wiglaf
 36437 | Snake:3  | Killed Wiglaf
 36599 | Snake:4  | Noticed Snorg
 36610 | Snake:4  | Killed Snorg
 36610 | Snake:4  | Reached skill level 15 in Dodging
 37024 | Snake:4  | Noticed Louise
 37038 | Snake:4  | Killed Louise
 37549 | Snake:5  | Entered Level 5 of the Snake Pit
 37616 | Snake:5  | Reached skill level 1 in Invocations
 37660 | Snake:5  | Got a heavily runed ring mail
 37671 | Snake:5  | Identified the cursed +1 ring mail of Masochism {Str+3 Int-2} (You found it on level 5 of the Snake Pit)
 37672 | Snake:5  | indeed
 37710 | Snake:5  | Received a gift from Okawaru
 38813 | Snake:5  | Reached XP level 18. HP: 118/142 MP: 14/14
 39562 | Snake:5  | wow
 39776 | Snake:5  | Received a gift from Okawaru
 40525 | Snake:5  | Got a serpentine rune of Zot
 40645 | Snake:5  | Reached skill level 5 in Invocations
 40947 | Snake:5  | Received a gift from Okawaru
 41407 | Vaults:1 | Entered Level 1 of the Vaults
 42359 | D:16     | Noticed Fannar
 42435 | D:16     | Killed Fannar
 42435 | D:16     | Received a gift from Okawaru
 42438 | D:16     | Got a shimmering flail {god gift}
 42439 | D:16     | Identified the flail of Circular Logic {god gift, freeze, +Blink rN+} (Okawaru gifted it to you on level 16 of the Dungeon)
 43515 | D:17     | Reached XP level 19. HP: 131/149 MP: 20/20
 44995 | D:19     | Received a gift from Okawaru
 45688 | D:19     | Got a brightly glowing scale mail
 45689 | D:19     | Identified the cursed +0 scale mail "Kloysk" {rC+ rN+ Stlth++} (You found it on level 19 of the Dungeon)
 45926 | D:19     | Got an ancient leather armour
 45927 | D:19     | Identified the +1 leather armour of the Maze {Str-3 Int+3} (You found it on level 19 of the Dungeon)
 46584 | D:20     | Entered Level 20 of the Dungeon
 46690 | D:20     | Received a gift from Okawaru
 47280 | D:20     | Found Moohamug's Antique Weapon Boutique.
 47626 | D:21     | Found a sparkling altar of Nemelex Xobeh.
 47633 | D:21     | Reached XP level 20. HP: 151/156 MP: 21/21
 47875 | D:21     | Received a gift from Okawaru
 47953 | D:21     | Found a gateway to Hell.
 47972 | D:21     | Noticed Mennas
 48029 | D:21     | Killed Mennas
 48176 | D:21     | Noticed Margery
 48488 | D:21     | Paralysed by you for 6 turns
 49052 | D:21     | Upgraded the game from 0.13-a0-188-g716d182 to 0.13-a0-207-ge113bd6
 49123 | D:21     | Killed Margery
 49237 | D:22     | Noticed Boris
 49250 | D:22     | Killed Boris
 49280 | D:22     | Noticed Frederick
 49297 | D:22     | Killed Frederick
 49529 | D:22     | Received a gift from Okawaru
 50070 | D:22     | Found a blossoming altar of Fedhas.
 50214 | D:22     | Found Siah's Armour Boutique.
 51190 | D:19     | Reached XP level 21. HP: 153/163 MP: 22/22
 51475 | D:22     | Found a one-way gate leading to the halls of Pandemonium.
 51784 | D:23     | Received a gift from Okawaru
 51798 | D:23     | Identified a +1 pair of boots of running (Okawaru gifted it to you on level 23 of the Dungeon)
 52018 | D:23     | Found a one-way gate to the infinite horrors of the Abyss.
 52156 | D:23     | Found a snail-covered altar of Cheibriados.
 52245 | D:23     | Noticed Frances
 52260 | D:23     | Killed Frances
 53412 | D:24     | Got a brightly glowing chain mail
 53413 | D:24     | Identified the +2 chain mail of Yphi {Acc+4} (You found it on level 24 of the Dungeon)
 53446 | D:25     | Entered Level 25 of the Dungeon
 53502 | D:25     | Reached skill level 1 in Evocations
 53758 | D:25     | Received a gift from Okawaru
 53782 | D:25     | Got a warped flail {god gift}
 53783 | D:25     | Identified the flail of Gaucut {god gift, slay orc, rF++ rC++} (Okawaru gifted it to you on level 25 of the Dungeon)
 54403 | D:26     | Noticed a tentacled monstrosity
 54434 | D:26     | Killed a tentacled monstrosity
 54434 | D:26     | Reached skill level 5 in Evocations
 54515 | D:26     | Received a gift from Okawaru
 54569 | D:26     | Reached skill level 10 in Fighting
 54962 | D:26     | Reached XP level 22. HP: 167/186 MP: 22/22
 55647 | D:27     | Entered Level 27 of the Dungeon
 55762 | D:27     | Got a scintillating granite ring
 55763 | D:27     | Identified the ring of Laver {+/*TELE Int+1} (You found it on level 27 of the Dungeon)
 55994 | D:27     | Received a gift from Okawaru
 56134 | D:27     | Got a steaming mace {god gift}
 56135 | D:27     | Identified the mace "Uchafur" {god gift, crush, rN+} (Okawaru gifted it to you on level 27 of the Dungeon)
 56336 | D:27     | Found a shattered altar of Ashenzari.
 56345 | D:27     | Found a magical portal.
 56406 | D:27     | Reached skill level 15 in Fighting
 56438 | WizLab   | Entered a wizard's laboratory
 56664 | WizLab   | Found a blossoming altar of Fedhas.
 57287 | D:27     | Received a gift from Okawaru
 58125 | Vaults:1 | Reached XP level 23. HP: 205/212 MP: 23/23
 58235 | Vaults:1 | Found Yffi Schu's Weapon Boutique.
 58469 | Vaults:1 | Found Gris' Magical Wand Boutique.
 58993 | Vaults:2 | Gained mutation: You have a pair of large horns on your head. [potion of beneficial mutation]
 58994 | Vaults:2 | fuck
 59150 | Vaults:2 | Noticed Maud
 59203 | Vaults:2 | Noticed Rupert
 59215 | Vaults:2 | whet the feck
 59314 | Vaults:2 | Killed Rupert
 59334 | Vaults:2 | Killed Maud
 59334 | Vaults:2 | Received a gift from Okawaru
 59412 | Vaults:2 | Noticed Terence
 59489 | Vaults:2 | Killed Terence
 59674 | Vaults:2 | Gained mutation: You are agile (Dex +1). [potion of beneficial mutation]
 60695 | Vaults:2 | Received a gift from Okawaru
 60705 | Vaults:2 | Got a steaming large shield {god gift}
 60721 | Vaults:2 | Identified the -1 large shield of Khinom {rF+ Str+2} (Okawaru gifted it to you on level 2 of the Vaults)
 61568 | Vaults:3 | Found a deep blue altar of Sif Muna.
 61866 | Vaults:3 | Found a basalt altar of Yredelemnul.
 61866 | Vaults:3 | Found a staircase to the Crypt.
 61867 | Vaults:3 | Found an ancient bone altar of Kikubaaqudgha.
 62208 | Vaults:4 | Found a glowing golden altar of the Shining One.
 62226 | Vaults:3 | Reached XP level 24. HP: 198/233 MP: 24/24
 62525 | Vaults:4 | Found Xufi Kle's Book Emporium.
 62719 | Vaults:4 | Found a staircase to the Hall of Blades.
 62737 | Vaults:4 | Received a gift from Okawaru
 62759 | Vaults:4 | Reached skill level 10 in Armour
 63432 | Vaults:5 | Entered Level 5 of the Vaults
 63465 | Vaults:4 | Received a gift from Okawaru
 63771 | Vaults:4 | Reached skill level 15 in Armour
 63783 | Vaults:5 | Received a gift from Okawaru
 64509 | Vaults:5 | Received a gift from Okawaru
 64512 | Vaults:5 | Got an ichor-stained ring mail {god gift}
 64513 | Vaults:5 | Identified the +4 ring mail of the Bard {+Fly rPois Str-2 Acc+4} (Okawaru gifted it to you on level 5 of the Vaults)
 64528 | Vaults:5 | Reached XP level 25. HP: 193/243 MP: 24/24
 64856 | Vaults:5 | Got a silver rune of Zot
 64909 | Vaults:5 | Got a crude platinum amulet
 64910 | Vaults:5 | Identified the amulet "Cly Rihoxte" {Faith -Cast rC+} (You found it on level 5 of the Vaults)
 64910 | Vaults:5 | Identified a rod of demonology (You took it off a yaktaur captain on level 5 of the Vaults)
 65779 | Vaults:5 | Received a gift from Okawaru
 65901 | Vaults:5 | Got an ancient granite ring
 65902 | Vaults:5 | Identified the ring of Vikh {+Inv rPois} (You took it off a vault guard on level 5 of the Vaults)
 66358 | Elf:1    | Entered Level 1 of the Elven Halls
 68374 | Elf:1    | Found Staqe's Assorted Antiques.
 68378 | Elf:1    | Bought a pitted steel amulet for 800 gold pieces
 68379 | Elf:1    | Identified the amulet "Nyath" {rCorr Int+1} (You bought it in a shop on level 1 of the Elven Halls)
 68876 | Elf:2    | that's my girl
 69221 | Elf:3    | Entered Level 3 of the Elven Halls
 69254 | Elf:3    | Found Thonaz's Antique Armour Shoppe.
 69432 | Elf:3    | Bought a transparent plate armour for 812 gold pieces
 69432 | Elf:3    | Bought a ruby-encrusted chain mail for 464 gold pieces
 69465 | Elf:2    | Identified the cursed -5 plate armour of Shielding {+Rage} (You bought it in a shop on level 3 of the Elven Halls)
 69467 | Elf:2    | Identified the +0 chain mail "Kiluecro" {Str+4 Dex+4} (You bought it in a shop on level 3 of the Elven Halls)
 69518 | Elf:3    | Found a portal to a secret trove of treasure.
 70176 | Elf:3    | Got a pitted chain mail
 70263 | Elf:2    | Identified the +8 chain mail of Mnenyula {Str+4 Dex+4} (You took it off a deep elf high priest on level 3 of the Elven Halls)
 70390 | Orc:2    | Bought a scroll of teleportation for 96 gold pieces
 70962 | Trove    | Entered a treasure trove
 71008 | Trove    | Identified a +0 pair of boots of running (You found it in a treasure trove)
 71011 | Trove    | Got a pair of ancient gloves
 71019 | Trove    | Got a dazzling shield
 71021 | Trove    | Got a steaming chain mail
 71023 | Trove    | Got an ichor-stained ring mail
 71032 | Trove    | Got a transparent crystal plate armour
 71035 | Trove    | Got a transparent ring mail
 71038 | Trove    | Got a heavily runed ring mail
 71057 | Elf:3    | Identified the +5 crystal plate armour "Qufiugh" {Str+2 Int-1 Acc+4 Dam+5} (You found it in a treasure trove)
 71058 | Elf:3    | Identified the -1 pair of gloves of the Wumpus {+Blink MR Int+2 Dam+1} (You found it in a treasure trove)
 71062 | Elf:3    | Identified the cursed -1 shield "Doar Kludd" {Str-4 Dex+4} (You found it in a treasure trove)
 71066 | Elf:3    | Identified the +2 ring mail of Xom {+Blink rPois MR Stlth++} (You found it in a treasure trove)
 71066 | Elf:3    | Identified the +4 ring mail of Rumat {+Inv} (You found it in a treasure trove)
 71070 | Elf:3    | Identified the +6 ring mail of Tuashob {+Inv} (You found it in a treasure trove)
 71192 | Elf:1    | Bought a scroll of identify for 64 gold pieces
 71202 | Elf:1    | Identified the cursed -1 Lear's chain mail {-Cast Dex-3} (You found it in a treasure trove)
 71912 | Elf:3    | Gained mutation: Space occasionally distorts in your vicinity. [a neqoxec]
 71938 | Elf:3    | Received a gift from Okawaru
 72350 | Elf:3    | Got an ancient ruby amulet
 72355 | Elf:3    | Got a faintly glowing chain mail
 72839 | Lair:1   | Identified the amulet "Truosti" {Stasis Acc+4} (You found it on level 3 of the Elven Halls)
 72843 | Lair:1   | Identified the cursed -10 chain mail of Vehumet's Whim {Dam+3 Curse} (You found it on level 3 of the Elven Halls)
 73364 | Zot:1    | Entered Level 1 of the Realm of Zot
 73364 | Zot:1    | Noticed a golden dragon
 73376 | Zot:1    | Killed a golden dragon
 74903 | Zot:1    | Received a gift from Okawaru
 75399 | Zot:1    | Reached XP level 26. HP: 244/256 MP: 24/24
 75880 | Zot:1    | Noticed a golden dragon
 75886 | Zot:1    | Killed a golden dragon
 76354 | Zot:2    | Noticed a golden dragon
 76354 | Zot:2    | Noticed a golden dragon
 76371 | Zot:1    | Killed a golden dragon
 77443 | Zot:2    | Received a gift from Okawaru
 77655 | Zot:2    | Killed a golden dragon
 78150 | Zot:2    | Noticed a golden dragon
 78167 | Zot:2    | Reached XP level 27. HP: 161/267 MP: 25/25
 78169 | Zot:2    | Killed a golden dragon
 78169 | Zot:2    | Reached skill level 25 in Armour
 78898 | Zot:3    | Received a gift from Okawaru
 79398 | Zot:4    | Noticed a Killer Klown
 79398 | Zot:4    | Noticed a Killer Klown
 79401 | Zot:4    | Noticed a Killer Klown
 79402 | Zot:4    | Noticed a Killer Klown
 79402 | Zot:4    | Noticed a Killer Klown
 79441 | Zot:4    | Received a gift from Okawaru
 79442 | Zot:4    | Got a distressingly furry leather armour {god gift}
 79443 | Zot:4    | Identified the +1 leather armour "Widghix" {Stlth++} (Okawaru gifted it to you on level 4 of the Realm of Zot)
 80014 | Zot:4    | Noticed a curse toe
 80015 | Zot:4    | Noticed a Killer Klown
 80021 | Zot:4    | Noticed a curse toe
 80120 | Zot:4    | Killed a Killer Klown
 80244 | Zot:4    | Killed a curse toe
 80298 | Zot:3    | Fell from the grace of Okawaru
 80874 | Vaults:4 | Became a worshipper of the Shining One
 80936 | Crypt:1  | Entered Level 1 of the Crypt
 81333 | D:11     | Fell from the grace of the Shining One
 81333 | D:11     | Became a worshipper of Zin the Law-Giver
 81333 | D:11     | Acquired Zin's first power
 81333 | D:11     | Acquired Zin's second power
 81334 | D:11     | Donated 3030 gold pieces to Zin
 81355 | D:11     | Acquired Zin's third power
 81648 | Crypt:1  | Acquired Zin's fourth power
 81699 | Crypt:1  | Noticed Khufu
 82322 | Crypt:1  | Killed Khufu
 82825 | Crypt:2  | Received a gift from Zin
 82825 | Crypt:2  | Lost mutation: You have a pair of large horns on your head. [Zin's power]
 82825 | Crypt:2  | Lost mutation: You are partially covered in rugged brown scales (AC +1, +3% HP). [Zin's power]
 82825 | Crypt:2  | Lost mutation: You are agile (Dex +1). [Zin's power]
 82825 | Crypt:2  | Lost mutation: Your muscles are flexible, but weak (Str -1, Dex +1). [Zin's power]
 82825 | Crypt:2  | Lost mutation: Your natural rate of healing is unusually fast. [Zin's power]
 82825 | Crypt:2  | Lost mutation: You can spit poison. [Zin's power]
 82825 | Crypt:2  | Lost mutation: Space occasionally distorts in your vicinity. [Zin's power]
 82917 | Vaults:4 | Fell from the grace of Zin
 82917 | Vaults:4 | Became a worshipper of the Shining One
 82917 | Vaults:4 | Acquired the Shining One's first power
 82917 | Vaults:4 | Acquired the Shining One's second power
 83474 | Crypt:2  | Acquired the Shining One's third power
 83503 | Crypt:2  | Found a staircase to the Tomb.
 84450 | Crypt:4  | Acquired the Shining One's fourth power
 84794 | Crypt:4  | Reached skill level 26 in Armour
 85306 | Crypt:5  | Entered Level 5 of the Crypt
 86552 | Crypt:5  | Found an ancient bone altar of Kikubaaqudgha.
 86600 | Crypt:5  | Noticed an ancient lich
 86611 | Crypt:5  | Killed an ancient lich
 87368 | Hell     | Entered the Vestibule of Hell
 87368 | Hell     | Noticed Geryon
 87659 | Vaults:4 | Identified a +8,+8 Blessed Scourge (a +8,+8 demon whip of slashing blessed by the Shining One)
 87931 | Hell     | Killed Geryon
 87975 | Hell     | Noticed Murray
 87984 | Hell     | Killed Murray
 88219 | Hell     | Found a gateway to the freezing wastes of Cocytus.
 88519 | Hell     | Found a gateway to the Iron City of Dis.
 88595 | Hell     | Found a gateway to the ashen valley of Gehenna.
 88678 | Geh:1    | Entered Level 1 of Gehenna
 90325 | Geh:2    | You fall through a shaft!
 93500 | D:21     | Reached skill level 27 in Armour
 93893 | Geh:2    | Reached skill level 27 in Maces & Flails
 96919 | Zot:4    | Killed a Killer Klown
 96924 | Zot:4    | Killed a Killer Klown
 96933 | Zot:4    | Killed a Killer Klown
 96944 | Zot:4    | Killed a Killer Klown
 96944 | Zot:4    | Reached skill level 27 in Shields
 96952 | Zot:4    | Killed a Killer Klown
 96983 | Zot:4    | Reached skill level 27 in Fighting
 97069 | Zot:5    | Entered Level 5 of the Realm of Zot
 97548 | Zot:5    | Noticed an ancient lich
 97556 | Zot:5    | Killed an ancient lich
 97556 | Zot:5    | Reached skill level 27 in Dodging
 97593 | Zot:5    | Noticed an orb of fire
 97600 | Zot:5    | Gained mutation: You digest meat inefficiently. [an orb of fire]
 97602 | Zot:5    | Noticed an orb of fire
 97605 | Zot:5    | Noticed an ancient lich
 97609 | Zot:5    | Noticed a Killer Klown
 97612 | Zot:5    | Noticed an ancient lich
 99510 | Zot:5    | Reached skill level 5 in Spellcasting
 99511 | Zot:5    | Gained mutation: You heal slowly. [an orb of fire]
 99524 | Zot:5    | Killed an orb of fire
 99573 | Zot:5    | Noticed a curse toe
 99596 | Zot:5    | Noticed a curse toe
 99608 | Zot:5    | Killed a curse toe
 99628 | Zot:5    | Killed a curse toe
 99671 | Zot:5    | Noticed an orb of fire
 99685 | Zot:5    | Noticed an ancient lich
 99688 | Zot:5    | Killed an orb of fire
 99692 | Zot:5    | Noticed an ancient lich
 99700 | Zot:5    | Killed an ancient lich
 99706 | Zot:5    | Killed an ancient lich
 99744 | Zot:5    | Noticed an orb of fire
 99752 | Zot:5    | Gained mutation: Armour fits poorly on your strangely shaped body. [an orb of fire]
 99756 | Zot:5    | Noticed an orb of fire
 99769 | Zot:5    | Killed an orb of fire
 99769 | Zot:5    | Reached skill level 10 in Spellcasting
 99818 | Zot:5    | HP: 11/271 [storm dragon/bolt of lightning (18)]
 99843 | Zot:5    | Killed an orb of fire
 99859 | Zot:5    | Killed a Killer Klown
 99950 | Zot:4    | Gained mutation: You possess an exceptional clarity of mind. [mutagenic glow]
100583 | Zot:4    | Killed a curse toe
101798 | Zot:4    | Noticed a curse toe
101810 | Zot:4    | Killed a curse toe
102020 | Zot:5    | Gained mutation: You cover ground slowly. [a cacodemon]
102024 | Zot:5    | Killed an ancient lich
102458 | Zot:5    | Killed an ancient lich
103129 | Zot:5    | Noticed a Killer Klown
103141 | Zot:5    | Killed an orb of fire
103153 | Zot:5    | Killed a Killer Klown
103409 | Zot:5    | Got the Orb of Zot
103549 | Zot:2    | Noticed Ofoboi Sara the pandemonium lord
103549 | Zot:2    | Noticed Cyodem the pandemonium lord
103736 | D:24     | Noticed Smogh the pandemonium lord
103736 | D:24     | Noticed an ancient lich
103748 | D:24     | Killed Smogh the pandemonium lord
103755 | D:24     | Killed an ancient lich
103755 | D:24     | Reached skill level 15 in Spellcasting
104021 | D:14     | Noticed Shutyem the pandemonium lord
104034 | D:14     | Killed Shutyem the pandemonium lord
104267 | D:8      | Noticed Ucusureph the pandemonium lord
104286 | D:8      | Killed Ucusureph the pandemonium lord
104448 | D:1      | Fell from the grace of the Shining One
104478 | D:$      | Escaped with the Orb!

Action                   |  1- 3 |  4- 6 |  7- 9 | 10-12 | 13-15 | 16-18 | 19-21 | 22-24 | 25-27 || total
-------------------------+-------+-------+-------+-------+-------+-------+-------+-------+-------++-------
Melee: Mace              |    99 |    45 |    65 |     4 |       |       |       |       |       ||   213
       Flail             |       |   117 |   365 |   632 |       |       |    23 |       |  1476 ||  2613
       Eveningstar       |       |       |       |   616 |  1498 |  1790 |  1702 |  1688 |   310 ||  7604
       Demon whip        |       |       |       |       |     5 |       |       |       |   558 ||   563
       Unarmed           |       |       |       |       |       |    13 |    28 |    11 |    12 ||    64
       Morningstar       |       |       |       |       |       |       |       |       |  1935 ||  1935
       Sacred scourge    |       |       |       |       |       |       |       |       |  1323 ||  1323
 Fire: Blowgun           |       |       |    40 |       |       |       |       |       |       ||    40
Throw: Javelin           |       |       |     1 |       |     3 |       |       |       |       ||     4
Invok: Heroism           |       |       |       |     4 |     8 |    11 |     4 |     1 |     3 ||    31
       Finesse           |       |       |       |       |       |       |     1 |       |       ||     1
       Recite            |       |       |       |       |       |       |       |       |     4 ||     4
       Summon Divine War |       |       |       |       |       |       |       |       |     3 ||     3
       Divine Shield     |       |       |       |       |       |       |       |       |     2 ||     2
       Cleansing Flame   |       |       |       |       |       |       |       |       |     2 ||     2
       Renounce Religion |       |       |       |       |       |       |       |       |     2 ||     2
       Cure All Mutation |       |       |       |       |       |       |       |       |     1 ||     1
 Abil: Spit Poison       |       |       |       |       |     1 |       |       |       |       ||     1
       Evoke Blink       |       |       |       |       |       |       |     3 |     2 |       ||     5
Evoke: Wand              |       |       |     1 |     4 |     3 |     1 |     3 |       |    22 ||    34
       Deck              |       |       |       |       |       |       |       |     1 |       ||     1
       Miscellaneous     |       |       |       |       |       |       |       |       |     1 ||     1
  Use: Scroll            |       |    10 |     8 |    26 |    10 |    11 |    10 |    10 |    56 ||   141
       Potion            |       |       |       |     3 |     5 |     1 |     4 |     2 |     4 ||    19
 Stab: Sleeping          |       |       |       |     3 |     6 |     4 |     3 |     4 |     2 ||    22
       Distracted        |       |       |       |     1 |     2 |     3 |     1 |       |     1 ||     8
       Fleeing           |       |       |       |       |     1 |     1 |       |     1 |     5 ||     8
       Confused          |       |       |       |       |     1 |     1 |       |       |     5 ||     7
